 Dungeon Crawl Stone Soup version 0.29.1-2-gbd0b4ee654 (webtiles) character file.

Game seed: 13221316162157473724

76 0gre the Chiller (level 4, -9/32 HPs)
             Began as a Gnoll Ice Elementalist on Nov 18, 2022.
             Mangled by Grinder (10 damage)
             ... on level 3 of the Dungeon.
             The game lasted 00:08:29 (2618 turns).

0gre the Chiller (Gnoll Ice Elementalist)           Turns: 2618, Time: 00:08:29

Health: -9/32      AC:  2    Str:  7    XL:     4   Next: 32%
Magic:  16/20      EV: 13    Int: 17    God:
Gold:   36         SH:  0    Dex: 12    Spells: 9/13 levels left

rFire   . . .      SeeInvis .   a - +0 short sword
rCold   . . .      Faith    .   (no shield)
rNeg    . . .      Spirit   .   c - +0 robe
rPois   .          Reflect  .   (no helmet)
rElec   .          Harm     .   (no cloak)
rCorr   +          Rampage  .   (no gloves)
Will    .....                   (no boots)
Stlth   ++........              (no amulet)
HPRegen 0.10/turn               m - ring of resist corrosion
MPRegen 0.17/turn               p - ring of magical power

@: mighty, freezing walls
A: fangs 1, strong nose, distributed training
a: no special abilities


You were on level 3 of the Dungeon.
You visited 1 branch of the dungeon, and saw 3 of its levels.

You collected 36 gold pieces.

Inventory:

Hand Weapons
 a - a +0 short sword (weapon)
 b - a +0 sling
Missiles
 f - 4 silver boomerangs (quivered)
Armour
 c - a +0 robe (worn)
 l - a +0 leather armour of poison resistance
Jewellery
 m - a ring of resist corrosion (left hand)
 p - a ring of magical power (right hand)
 q - a ring of flight
Scrolls
 d - a scroll of torment {unknown}
 e - a scroll of enchant armour {unknown}
 g - 2 scrolls of fog {unknown}
 k - a scroll of magic mapping {unknown}
 t - a scroll of immolation {unknown}
 u - a scroll of noise {unknown}
Potions
 h - a potion of berserk rage {unknown}
 i - a potion of might
 j - 2 potions of haste {unknown}
 n - a potion of flight {unknown}
 o - a potion of invisibility {unknown}
 r - a potion of magic
 s - a potion of heal wounds {unknown}


   Skills:
 + Level 1.1 Fighting
 + Level 1.1 Short Blades
 + Level 1.1 Long Blades
 + Level 1.1 Axes
 + Level 1.1 Maces & Flails
 + Level 1.1 Polearms
 + Level 1.1 Staves
 + Level 1.1 Ranged Weapons
 + Level 1.1 Throwing
 + Level 1.1 Armour
 + Level 4.6 Dodging
 + Level 4.2 Stealth
 + Level 1.1 Shields
 + Level 1.1 Unarmed Combat
 + Level 5.1 Spellcasting
 + Level 0.9 Conjurations
 + Level 0.9 Hexes
 + Level 0.9 Summonings
 + Level 0.9 Necromancy
 + Level 0.9 Translocations
 + Level 0.9 Transmutations
 + Level 0.9 Fire Magic
 + Level 7.1 Ice Magic
 + Level 0.9 Air Magic
 + Level 0.9 Earth Magic
 + Level 0.9 Poison Magic
 + Level 1.2 Invocations
 + Level 1.1 Evocations


You had 9 spell levels left.
You knew the following spells:

 Your Spells              Type           Power      Damage    Failure   Level
a - Freeze                Ice            100%       1d11      1%          1
b - Frozen Ramparts       Ice            56%        1d9       2%          3

Your spell library contained the following spells:

 Spells                   Type           Power      Damage    Failure   Level
 Ozocubu's Armour         Ice            28%        N/A       2%          3
 Static Discharge         Conj/Air       7%         3-4/arc   14%         2
 Hailstorm                Conj/Ice       18%        3d6       26%         4
 Dispel Undead            Necr           7%         3d8       67%         4
 Sticky Flame             Conj/Fire      7%         2d3       67%         4


Dungeon Overview and Level Annotations

Branches:
Dungeon (3/15)

Altars:

Annotations:
D:3 Grinder


Innate Abilities, Weirdness & Mutations

You have very sharp teeth.
Your uncanny sense of smell can sniff out nearby items.
Your experience applies equally to all skills.


Message History

You throw a silver boomerang. The silver boomerang misses the adder.
Throw: 4 boomerangs (silver)
Press: ? - help, Q - select action, (/) - cycle Shift-Dir - straight line, f/p - adder
Aim: an adder (35% to hit)
You throw a silver boomerang. The silver boomerang hits the adder.
The adder is heavily wounded.
Throw: 4 boomerangs (silver)
Press: ? - help, Q - select action, (/) - cycle Shift-Dir - straight line, f/p - adder
Aim: an adder (heavily wounded, 35% to hit)
You throw a silver boomerang.
The silver boomerang completely misses the adder.
The wall freezes the adder. x2
You kill the adder!
You hit Grinder but do no damage.
Grinder completely resists.
The wall freezes Grinder but does no damage.
Grinder hits you.
You writhe in agony.
You barely miss Grinder.
The frozen ramparts melt away.
Grinder hits you!
You writhe in agony.
* * * LOW HITPOINT WARNING * * *
Grinder hits you.
* * * LOW HITPOINT WARNING * * *
You writhe in agony.
* * * LOW HITPOINT WARNING * * *
Casting: Frozen Ramparts (dangerous; 2% risk of failure)
Confirm with . or Enter, or press ? or * to list all spells.
Casting: Frozen Ramparts (dangerous; 2% risk of failure)
Press: ? - help, Dir - look around, f - activate The walls around you are covered in ice.
Grinder resists.
The wall freezes Grinder.
Grinder closely misses you.
It was a potion of might.
You feel very mighty all of a sudden.
Grinder completely resists.
The wall freezes Grinder but does no damage.
Grinder completely misses you.
You barely miss Grinder.
Grinder is lightly wounded.
Grinder completely resists.
The wall freezes Grinder but does no damage.
Grinder hits you!
You die...

..##..####5.############
####..# ##.#..........#
#..# #.......[....# #..#
###..........# #.
#..........#
#..........#
#..........#
#####5###### #@.#
##†###### ... #.......#
(... ##.......#
)...######........#
..................#
...........#......#
..................#
...........########


You could see Grinder.

Vanquished Creatures
  A gnoll (D:1)
  2 adders (D:3)
  2 worms (D:2)
  A dart slug (D:1)
  4 ball pythons
  3 endoplasms
  A giant cockroach (D:3)
  4 goblins
  2 hobgoblins
  6 jackals
  A quokka (D:1)
  4 bats
  2 frilled lizards (D:1)
  4 kobolds
  A rat (D:1)
38 creatures vanquished.

Notes
Turn   | Place    | Note
-------+----------+-------------------------------------------
     0 | D:1      | 0gre the Gnoll Ice Elementalist began the quest for the
                  | Orb.
     0 | D:1      | Reached XP level 1. HP: 13/13 MP: 6/6
    30 | D:1      | Reached XP level 2. HP: 14/20 MP: 3/7
   844 | D:1      | Reached skill level 5 in Spellcasting
   844 | D:1      | Reached XP level 3. HP: 25/25 MP: 6/9
   848 | D:1      | Learned a level 3 spell: Frozen Ramparts
  1154 | D:1      | Reached skill level 1 in Invocations
  1157 | D:1      | Found a faded altar of an unknown god.
  1674 | D:2      | Reached skill level 1 in Fighting
  1674 | D:2      | Reached skill level 1 in Short Blades
  1674 | D:2      | Reached skill level 1 in Long Blades
  1674 | D:2      | Reached skill level 1 in Axes
  1674 | D:2      | Reached skill level 1 in Maces & Flails
  1674 | D:2      | Reached skill level 1 in Polearms
  1674 | D:2      | Reached skill level 1 in Staves
  1674 | D:2      | Reached skill level 1 in Ranged Weapons
  1674 | D:2      | Reached skill level 1 in Throwing
  1674 | D:2      | Reached skill level 1 in Armour
  1674 | D:2      | Reached skill level 1 in Shields
  1674 | D:2      | Reached skill level 1 in Unarmed Combat
  1674 | D:2      | Reached skill level 1 in Evocations
  2407 | D:3      | Reached XP level 4. HP: 32/32 MP: 11/11
  2438 | D:3      | Noticed Grinder
  2486 | D:3      | Paralysed by Grinder for 2 turns
  2584 | D:3      | Paralysed by Grinder for 5 turns
  2615 | D:3      | HP: 1/32 [Grinder (5)]
  2618 | D:3      | Mangled by Grinder

Illustrated notes

Levels and vault maps discovered:
D:1:      giann_horns, layout_loops_cross, ebering_ecumenical_altar_hall
D:2:      layout_basic, grunt_decor_fettered
D:3:      layout_rooms, nicolae_uskayaw_murder_on_the_dancefloor, uniq_grinder

Skill      XL: |  1  2  3 |
---------------+----------+-----
Spellcasting   | 5 |  5.1
Invocations    | 1 |  1.2
Fighting       | 1 |  1.1
Short Blades   | 1 |  1.1
Long Blades    | 1 |  1.1
Axes           | 1 |  1.1
Maces & Flails | 1 |  1.1
Polearms       | 1 |  1.1
Staves         | 1 |  1.1
Ranged Weapons | 1 |  1.1
Throwing       | 1 |  1.1
Armour         | 1 |  1.1
Shields        | 1 |  1.1
Unarmed Combat | 1 |  1.1
Evocations     | 1 |  1.1
Dodging        | |  4.6
Stealth        | |  4.2
Conjurations   | |  0.9
Hexes          | |  0.9
Summonings     | |  0.9
Necromancy     | |  0.9
Translocations | |  0.9
Transmutations | |  0.9
Fire Magic     | |  0.9
Ice Magic      | |  7.1
Air Magic      | |  0.9
Earth Magic    | |  0.9
Poison Magic   | |  0.9

Action                   |  1- 3 |  4- 6 || total
-------------------------+-------+-------++-------
Melee: Club              |    12 |       ||    12
       Bite              |     3 |     1 ||     4
       Dagger            |    25 |       ||    25
       Short sword       |    16 |     6 ||    22
Throw: Boomerang         |     3 |     3 ||     6
 Cast: Freeze            |    22 |       ||    22
       Frozen Ramparts   |     1 |     3 ||     4
  Use: Potion            |       |     1 ||     1
 Stab: Sleeping          |    12 |       ||    12
Armor: Robe              |    14 |       ||    14
Dodge: Dodged            |    45 |     5 ||    50
